 Dungeon Crawl Stone Soup version 0.30-b1-6-gad0e9d6a2d (webtiles) character file.

Game seed: 1028049501098589309

1354 Rrauwl the Nimble (level 8, -7/46 HPs)
             Began as a Deep Elf Delver on May 5, 2023.
             Was a Follower of Dithmenos.
             Mangled by a wyvern (13 damage)
             ... on level 7 of the Dungeon.
             The game lasted 00:24:36 (5774 turns).

Rrauwl the Nimble (Deep Elf Delver)                 Turns: 5774, Time: 00:24:37

Health: -7/46      AC:  9    Str: 15    XL:     8   Next: 37%
Magic:  10/10      EV: 17    Int: 18    God:    Dithmenos [*.....]
Gold:   395        SH:  0    Dex: 16    Spells: 7/7 levels left

rFire   . . .        A - +1 short sword (distort)
rCold   . . .        (no shield)
rNeg    . . .        B - +3 leather armour
rPois   .            h - +0 hat
rElec   .            l - +1 cloak
rCorr   .            (no gloves)
SInv    +            p - +0 pair of boots
Will    .....        (no amulet)
Stlth   +++          v - +6 ring of strength
HPRegen 0.27/turn    w - ring of see invisible
MPRegen 0.12/turn

%: random rage (3%)
@: wreathed by umbra
A: horns 1, berserk 1
a: Renounce Religion


You were on level 7 of the Dungeon.
You worshipped Dithmenos.
Dithmenos was aware of your devotion.
You visited 2 branches of the dungeon, and saw 8 of its levels.

You collected 395 gold pieces.

Inventory:

Hand Weapons
 a - a +1 dagger of flaming
 A - a +1 short sword of distortion (weapon)
Armour
 h - a +0 hat (worn)
 l - a +1 cloak (worn)
 p - a +0 pair of boots (worn)
 B - a +3 leather armour (worn)
Magical Staves
 o - a staff of fire
Jewellery
 f - a ring of magical power
 i - a ring of wizardry
 k - a ring of magical power
 v - a +6 ring of strength (left hand)
 w - a ring of see invisible (right hand)
 y - a +6 ring of intelligence
Wands
 g - a wand of digging (3)
Scrolls
 c - a scroll of fog
 d - a scroll of magic mapping
 e - a scroll of fear
 r - 2 scrolls of identify
 s - a scroll of vulnerability
 t - 2 scrolls of poison
 x - a scroll of immolation
 z - 2 scrolls of teleportation
Potions
 j - a potion of flight
 m - a potion of attraction
 n - 2 potions of brilliance
 q - a potion of curing
 u - a potion of magic


   Skills:
 - Level 3.0 Fighting
 - Level 2.0 Short Blades
 - Level 4.0 Armour
 + Level 10.4 Dodging
 - Level 6.0 Stealth
 - Level 2.0 Evocations


You had 7 spell levels left.
You didn't know any spells.
Your spell library contained the following spells:

 Spells                   Type           Power      Damage    Failure   Level
 Kiss of Death            Conj/Necr      0%         2d5       26%         1
 Sandblast                Erth           0%         2d4       26%         1
 Cigotuvi's Dreadful Rot  Necr/Pois/Air  0%         N/A       38%         2
 Passwall                 Tmut/Erth      0%         N/A       38%         2
 Confusing Touch          Hex            0%         N/A       63%         3
 Stone Arrow              Conj/Erth      0%         3d7       63%         3
 Dispel Undead            Necr           0%         3d6       95%         4
 Death Channel            Necr           0%         N/A       100%        6


Dungeon Overview and Level Annotations

Branches:
Dungeon (7/15)             Temple (1/1) D:6

Altars:
Ashenzari
Dithmenos
Elyvilon
Fedhas
Gozag
Hepliaklqana
Okawaru
Trog
Uskayaw
Vehumet
Wu Jian
Yredelemnul
Zin

Annotations:
D:3 2 transporters, Quickbrownfox's ghost, amateur DsIE


Innate Abilities, Weirdness & Mutations

You have a pair of small horns on your head.
You sometimes lose your temper in combat.


Message History

You feel yourself speed up.
Okay, then.
You recover from your berserk rage.
HP restored.
You now have 395 gold pieces (gained 11).
A steam dragon comes into view.
Found a stone staircase leading down.
The steam dragon hisses angrily.
The steam dragon breathes steam at you. The ball of steam hits you.
You hear an angry hiss.
No target in view!
You are engulfed in a cloud of scalding steam.
You are engulfed in a cloud of scalding steam.
The steam dragon misses you. x2
You hit the steam dragon but do no damage.
Space warps horribly around the steam dragon!
The steam dragon is severely wounded.
The steam dragon breathes steam at you. The ball of steam hits you!
You hear an angry hiss.
You hit the steam dragon.
The steam dragon is severely wounded.
The steam dragon blinks!
You are engulfed in a cloud of scalding steam.
* * * LOW HITPOINT WARNING * * *
The steam dragon bites you.
* * * LOW HITPOINT WARNING * * *
The steam dragon claws you but does no damage.
The steam dragon attacks as you move away!
The steam dragon bites you but does no damage.
The steam dragon closely misses you.
A wyvern comes into view.
You hit the wyvern but do no damage. The wyvern closely misses you.
The steam dragon closely misses you.
The steam dragon claws you but does no damage.
You hit the wyvern.
The wyvern is lightly wounded.
The wyvern bites you!
You die...

#### .># #l#
#@# #D# #.#
#.# ########
#§#
#......#####§#
#......#.....#
#......#.....#
#......#..####


You could see a steam dragon and a wyvern.

Vanquished Creatures
  2 water moccasins
  A black bear (D:5)
  A centaur (D:7)
  A phantom (D:6)
  A kobold brigand (D:6)
  A bullfrog (D:6)
  A gnoll sergeant (D:6)
  3 scorpions
  2 hounds
  A gnoll bouda (D:7)
  4 jellies
  A sleepcap (D:6)
  An iguana (D:6)
  7 adders
  10 gnolls
  An ufetubus (D:5)
  2 worms
  3 dart slugs
  16 orcs
  5 bats
  7 endoplasms
  5 giant cockroaches
  8 goblins
  7 hobgoblins
  6 jackals
  5 kobolds
  A quokka (D:1)
  2 ball pythons (D:3)
  3 frilled lizards
  7 rats
115 creatures vanquished.

Vanquished Creatures (others)
  2 plants (D:1)
2 creatures vanquished.

Grand Total: 117 creatures vanquished

Notes
Turn   | Place    | Note
-------+----------+-------------------------------------------
     0 | D:5      | Rrauwl the Deep Elf Delver began the quest for the Orb.
     0 | D:5      | Reached XP level 1. HP: 13/13 MP: 3/3
    32 | D:5      | Noticed a scorpion
   151 | D:5      | Noticed a jelly
   162 | D:5      | Noticed a hound
   349 | D:4      | Reached XP level 2. HP: 11/18 MP: 4/4
   546 | D:3      | Found a transporter.
   546 | D:3      | Noticed Quickbrownfox's ghost (amateur DsIE)
   650 | D:3      | Reached skill level 1 in Armour
   750 | D:3      | Found a transporter.
   824 | D:3      | Found an iron altar of Okawaru.
   881 | D:3      | Reached XP level 3. HP: 23/23 MP: 5/5
   915 | D:2      | Reached skill level 3 in Dodging
  1173 | D:2      | Reached XP level 4. HP: 26/28 MP: 6/6
  1533 | D:1      | Found a faded altar of an unknown god.
  2622 | D:3      | Reached skill level 4 in Dodging
  2622 | D:3      | Reached XP level 5. HP: 14/32 MP: 7/7
  2938 | D:3      | Found a faded altar of an unknown god.
  2941 | D:3      | Found a broken altar of Ashenzari.
  3439 | D:4      | Reached skill level 5 in Dodging
  3499 | D:4      | Found a radiant altar of Vehumet.
  3660 | D:4      | Reached XP level 6. HP: 32/37 MP: 8/8
  3925 | D:5      | Reached skill level 1 in Evocations
  4222 | D:5      | Gained mutation: You have a pair of small horns on your
                  | head. [potion of mutation]
  4222 | D:5      | Gained mutation: You sometimes lose your temper in combat.
                  | [potion of mutation]
  4406 | D:6      | Found a staircase to the Ecumenical Temple.
  4415 | Temple   | Entered the Ecumenical Temple
  4420 | Temple   | Became a worshipper of Dithmenos the Shadowed
  4628 | D:6      | Reached skill level 6 in Dodging
  4687 | D:6      | Reached XP level 7. HP: 41/41 MP: 9/9
  4924 | D:6      | Reached skill level 7 in Dodging
  4959 | D:6      | Reached skill level 8 in Dodging
  5433 | D:6      | Reached skill level 9 in Dodging
  5433 | D:6      | Reached XP level 8. HP: 46/46 MP: 10/10
  5706 | D:7      | Reached * piety under Dithmenos
  5707 | D:7      | Reached skill level 10 in Dodging
  5774 | D:7      | Mangled by a wyvern

Illustrated notes

Levels and vault maps discovered:
D:1:      lemuel_arrival_muddy, layout_basic,
          shapermc_ecumenical_altar_acropolis
D:2:      layout_loops_ring, minivault_14
D:3:      layout_loops_corners, nicolae_overflow_ecumenical_swirl,
          mainiacjoe_overflow_alcove_4, gammafunk_ghost_arena
D:4:      layout_loops_cross, vehumet_crystals
D:5:      layout_loops_ring
D:6:      layout_basic, minmay_temple_entry_statues_pillars
D:7:      layout_basic, lightli_temple_of_fire, chequers_jeans
Temple:   hellmonk_temple_micro_hex

Skill      XL: |  1  2  3  4  5  6  7  8 |
---------------+-------------------------+-----
Fighting       | 3 |  3.0
Armour         | 1 2 3 4 |  4.0
Dodging        | 3 4 5 6 9 10 | 10.4
Evocations     | 2 |  2.0
Short Blades   | |  2.0
Stealth        | |  6.0

Action                     |  1- 3 |  4- 6 |  7- 9 || total
---------------------------+-------+-------+-------++-------
  Melee: Short sword       |    56 |   172 |    50 ||   278
         Punch             |       |     3 |       ||     3
         Dagger            |       |   102 |    44 ||   146
         Headbutt          |       |    10 |    17 ||    27
  Throw: Throwing net      |       |       |     3 ||     3
  Evoke: Wand              |     1 |     8 |       ||     9
    Use: Potion            |     3 |     8 |     1 ||    12
         Scroll            |     2 |     7 |     1 ||    10
   Stab: Sleeping          |     7 |    16 |     3 ||    26
         Distracted        |     1 |     1 |       ||     2
         Held in net/web   |       |       |     2 ||     2
 Armour: Leather armour    |    11 |    60 |    15 ||    86
  Dodge: Dodged            |    23 |   138 |    54 ||   215
